 Dungeon Crawl Stone Soup version 0.29.0-4-gdea44cf6ec (webtiles) character file.

Game seed: 3768057388902951062

552 qw the Ruffian (level 7, -2/57 HPs)
             Began as a Ghoul Fire Elementalist on Aug 29, 2022.
             Slain by Duvessa
             ... wielding a +0 short sword
              (5 damage)
             ... on level 4 of the Dungeon.
             The game lasted 00:04:04 (5468 turns).

qw the Ruffian (Ghoul Fire Elementalist)            Turns: 5468, Time: 00:04:04

Health: -2/57      AC:  8    Str: 14    XL:     7   Next: 29%
Magic:  8/8        EV:  6    Int: 10    God:
Gold:   191        SH:  0    Dex: 15    Spells: 8/9 levels left

rFire   . . .      SeeInvis .     - Unarmed
rCold   + + .      Faith    .   (no shield)
rNeg    + + +      Spirit   .   j - +0 chain mail
rPois   inf        Reflect  .   (no helmet)
rElec   .          Harm     .   (no cloak)
rCorr   .          Rampage  .   (no gloves)
Will    .....                   (no boots)
Stlth   ..........              (no amulet)
HPRegen 0.00/turn               f - +6 ring of dexterity
MPRegen 0.11/turn               g - ring of protection from cold

@: inhibited regen
A: claws 1, cold resistance 1, negative energy resistance 3, inhibited
regeneration, torment resistance 2, devour on kill
a: no special abilities


You were on level 4 of the Dungeon.
You visited 1 branch of the dungeon, and saw 4 of its levels.

You collected 191 gold pieces.


Innate Abilities, Weirdness & Mutations

You are immune to poison.
You have sharp fingernails.
Your flesh is cold resistant. (rC+)
You are immune to negative energy. (rN+++)
You do not regenerate when monsters are visible.
You are immune to unholy pain and torment.
You thrive by killing the living.


   Skills:
 - Level 3.1 Fighting
 - Level 1.2 Throwing
 - Level 1.1 Armour
 - Level 1.7 Dodging
 - Level 2.1 Stealth
 + Level 6.9 Unarmed Combat
 - Level 1.7 Spellcasting
 - Level 0.7 Conjurations
 - Level 2.4 Fire Magic


You had 8 spell levels left.
You knew the following spells:

 Your Spells              Type           Power      Damage    Failure   Level
a - Foxfire               Conj/Fire      16%        2x1d4     99%         1

Your spell library contained the following spells:

 Spells                   Type           Power      Damage    Failure   Level
 Scorch                   Fire           10%        2d6       99%         2
 Conjure Flame            Conj/Fire      4%         6-21      100%        3
 Inner Flame              Hex/Fire       3%         N/A       100%        3
 Flame Wave               Conj/Fire      4%         2d5       100%        4

Inventory:

Missiles
 i - a silver javelin (quivered)
Armour
 j - a +0 chain mail (worn)
Jewellery
 f - a +6 ring of dexterity (left claw)
 g - a ring of protection from cold (right claw)
Scrolls
 a - a scroll of enchant weapon {unknown}
 b - a scroll of teleportation {unknown}
 Y - 2 scrolls of identify
Potions
 c - 3 potions of curing
 d - 3 potions of haste
 e - a potion of heal wounds {unknown}
 h - a potion of berserk rage {unknown}
 l - a potion of mutation {unknown}
 n - a potion of cancellation {unknown}
 o - a potion of lignification {unknown}

Dungeon Overview and Level Annotations

Branches:
Dungeon (4/15)
 Temple: D:4-7

Altars:

Shops:
D:1 [

Annotations:
D:4 Duvessa


Message History

You scratch Duvessa.
Duvessa is moderately wounded.
You closely miss Dowan.
Dowan is moderately wounded.
Duvessa hits you with a +0 short sword! Dowan barely misses you.
You scratch Dowan.
Dowan is moderately wounded.
You closely miss Dowan.
Dowan is moderately wounded.
Duvessa hits you but does no damage. Dowan hits you but does no damage.
You claw Dowan!
Dowan is almost dead.
Duvessa hits you with a +0 short sword. Dowan casts a spell at you.
The puff of frost hits you but does no damage.
You resist.
You closely miss Dowan.
Dowan is almost dead.
Duvessa hits you but does no damage. Dowan hits you with a +0 dagger.
You scratch Dowan but do no damage.
Dowan is almost dead.
Duvessa hits you with a +0 short sword. Dowan hits you with a +0 dagger.
You scratch Dowan.
You kill Dowan!
Duvessa screams, "No!
How DARE you!"
Duvessa goes berserk!
Duvessa hits you with a +0 short sword.
You scratch Duvessa but do no damage.
Duvessa is moderately wounded.
Duvessa hits you but does no damage. Duvessa barely misses you.
You scratch Duvessa.
Duvessa is heavily wounded.
Duvessa hits you with a +0 short sword!
You claw Duvessa!
Duvessa is heavily wounded.
Duvessa hits you but does no damage.
You claw Duvessa!
Duvessa is severely wounded.
Duvessa hits you with a +0 short sword.
You die...

.## ..# ..## ####
...### #..## ...#.##
#...# #.....###...#
............#
#...........#########
#<..............@e..#
#..........#####)##.#
......##...# ...
...........# +...#
...........# #...#
...........# +...#
........#..# #}8}#
........#..########
....##..........


You could see Duvessa (berserk).

Vanquished Creatures
  A phantom (D:4)
  Dowan (D:4)
  2 hounds (D:4)
  Jessica (D:3)
  An iguana (D:4)
  2 orc wizards (D:4)
  8 adders
  8 gnolls
  An ufetubus (D:3)
  3 worms
  3 dart slugs
  9 orcs
  7 endoplasms
  4 giant cockroaches
  12 goblins
  4 hobgoblins
  8 jackals
  7 kobolds
  2 quokkas
  7 ball pythons
  9 bats
  4 frilled lizards
  3 rats
107 creatures vanquished.

Notes
Turn   | Place    | Note
-------+----------+-------------------------------------------
     0 | D:1      | qw the Ghoul Fire Elementalist began the quest for the Orb.
     0 | D:1      | Reached XP level 1. HP: 14/14 MP: 2/2
     0 | D:1      | 0 ||| qw: Version: 0.1-a-90-g952f4b7
     0 | D:1      | 0 ||| qw: Game counter: 4139
     0 | D:1      | 0 ||| qw: Always use a shield: true
     0 | D:1      | 0 ||| qw: God list: Okawaru
     0 | D:1      | 0 ||| qw: Allow faded altars: false
     0 | D:1      | 0 ||| qw: Do Orc after D:15 true
     0 | D:1      | 0 ||| qw: Do second Lair branch before Depths: true
     0 | D:1      | 0 ||| qw: Lair rune preference: random
     0 | D:1      | 0 ||| qw: Plans: Normal
     0 | D:1      | 0 ||| PLANNING D:1-11
    42 | D:1      | 42 ||| Stepping ~*~*~tactically~*~*~ (outnumbered).
    43 | D:1      | 43 ||| Stepping ~*~*~tactically~*~*~ (outnumbered).
    44 | D:1      | 44 ||| Stepping ~*~*~tactically~*~*~ (outnumbered).
    45 | D:1      | 45 ||| Stepping ~*~*~tactically~*~*~ (outnumbered).
    46 | D:1      | 46 ||| Stepping ~*~*~tactically~*~*~ (outnumbered).
    49 | D:1      | 49 ||| Stepping ~*~*~tactically~*~*~ (outnumbered).
    59 | D:1      | Reached skill level 1 in Unarmed Combat
   262 | D:1      | 262 ||| Stepping ~*~*~tactically~*~*~ (hiding).
   365 | D:1      | 365 ||| Stepping ~*~*~tactically~*~*~ (hiding).
   369 | D:1      | 369 ||| Stepping ~*~*~tactically~*~*~ (hiding).
   375 | D:1      | Reached skill level 1 in Fighting
   375 | D:1      | Reached XP level 2. HP: 21/23 MP: 3/3
   721 | D:1      | HP: 3/23 [quokka (3)]
  1070 | D:1      | Found Kuix Iqa's Antique Armour Shoppe.
  1092 | D:1      | 1092 ||| SHOPLISTING buckler (94 gold, have 35).
  1092 | D:1      | 1092 ||| SHOPLISTING fading chain mail (199 gold, have 35).
  1092 | D:1      | 1092 ||| SHOPLISTING glowing hat (147 gold, have 35).
  1092 | D:1      | 1092 ||| SHOPLISTING heavily runed leather armour (147
                  | gold, have 35).
  1092 | D:1      | 1092 ||| SHOPLISTING leather armour (42 gold, have 35).
  1092 | D:1      | 1092 ||| SHOPLISTING pair of gloves (94 gold, have 35).
  1092 | D:1      | 1092 ||| SHOPLISTING ring mail (84 gold, have 35).
  1092 | D:1      | 1092 ||| SHOPLISTING shiny pearl dragon scales (2144 gold,
                  | have 35).
  1148 | D:1      | Reached skill level 2 in Unarmed Combat
  1423 | D:1      | Reached XP level 3. HP: 28/28 MP: 4/4
  1588 | D:1      | 1588 ||| UPGRADING to +6 ring of dexterity.
  1589 | D:1      | 1589 ||| READING scroll labelled LOFUENUWEY.
  1590 | D:1      | 1590 ||| READING scroll labelled ZINAUMNAE.
  1591 | D:1      | 1591 ||| READING scroll labelled UMNERGHEADD.
  1592 | D:1      | 1592 ||| DRINKING 3 white potions.
  1593 | D:1      | 1593 ||| DRINKING 2 pink potions.
  1594 | D:1      | 1594 ||| DRINKING 2 viscous golden potions.
  1595 | D:1      | 1595 ||| DROPPING potion of magic.
  1596 | D:1      | 1596 ||| DROPPING potion of invisibility.
  1964 | D:2      | 1964 ||| Stepping ~*~*~tactically~*~*~ (hiding).
  2029 | D:2      | 2029 ||| Stepping ~*~*~tactically~*~*~ (stealth).
  2030 | D:2      | 2030 ||| Stepping ~*~*~tactically~*~*~ (stealth).
  2035 | D:2      | 2035 ||| Stepping ~*~*~tactically~*~*~ (stealth).
  2036 | D:2      | 2036 ||| Stepping ~*~*~tactically~*~*~ (stealth).
  2307 | D:2      | Reached skill level 3 in Unarmed Combat
  2405 | D:2      | Reached XP level 4. HP: 35/35 MP: 5/5
  2448 | D:2      | Found a faded altar of an unknown god.
  2450 | D:2      | 2450 ||| Stepping ~*~*~tactically~*~*~ (stealth).
  2453 | D:2      | 2453 ||| Stepping ~*~*~tactically~*~*~ (stealth).
  2606 | D:2      | Reached skill level 4 in Unarmed Combat
  2905 | D:2      | 2905 ||| Stepping ~*~*~tactically~*~*~ (stealth).
  2912 | D:2      | 2912 ||| Stepping ~*~*~tactically~*~*~ (outnumbered).
  2918 | D:2      | 2918 ||| Stepping ~*~*~tactically~*~*~ (stealth).
  2981 | D:2      | 2981 ||| Stepping ~*~*~tactically~*~*~ (hiding).
  2984 | D:2      | 2984 ||| Stepping ~*~*~tactically~*~*~ (hiding).
  2992 | D:2      | Reached XP level 5. HP: 38/41 MP: 6/6
  3015 | D:2      | 3015 ||| Stepping ~*~*~tactically~*~*~ (stealth).
  3016 | D:2      | 3016 ||| Stepping ~*~*~tactically~*~*~ (stealth).
  3021 | D:2      | Reached skill level 1 in Throwing
  3121 | D:2      | 3121 ||| UPGRADING to ring of protection from cold.
  3122 | D:2      | 3122 ||| READING scroll labelled YLLIBB UKKUJ.
  3123 | D:2      | 3123 ||| READING scroll labelled BETIKK VAOGEEDWA.
  3124 | D:2      | 3124 ||| READING scroll labelled NIUWNI GARAXKU.
  3282 | D:3      | 3282 ||| FLEEEEING.
  3283 | D:3      | 3283 ||| FLEEEEING.
  3284 | D:3      | 3284 ||| FLEEEEING.
  3285 | D:3      | 3285 ||| FLEEEEING.
  3286 | D:3      | 3286 ||| FLEEEEING.
  3287 | D:3      | 3287 ||| FLEEEEING.
  3288 | D:3      | 3288 ||| FLEEEEING.
  3289 | D:3      | 3289 ||| FLEEEEING.
  3290 | D:3      | 3290 ||| FLEEEEING.
  3291 | D:3      | 3291 ||| FLEEEEING.
  3292 | D:3      | 3292 ||| STAIRDANCE
  3465 | D:3      | 3465 ||| Stepping ~*~*~tactically~*~*~ (hiding).
  3551 | D:3      | Identified the +1 robe of Untruth {Will+ Int+2}
  3637 | D:3      | Noticed Jessica
  3643 | D:3      | Killed Jessica
  3644 | D:3      | 3644 ||| FLEEEEING.
  3645 | D:3      | 3645 ||| FLEEEEING.
  3646 | D:3      | 3646 ||| FLEEEEING.
  3647 | D:3      | 3647 ||| FLEEEEING.
  3648 | D:3      | 3648 ||| FLEEEEING.
  3649 | D:3      | 3649 ||| FLEEEEING.
  3650 | D:3      | 3650 ||| FLEEEEING.
  3651 | D:3      | 3651 ||| FLEEEEING.
  3652 | D:3      | 3652 ||| FLEEEEING.
  3665 | D:3      | 3665 ||| FLEEEEING.
  3913 | D:3      | Reached skill level 5 in Unarmed Combat
  4340 | D:3      | 4340 ||| UPGRADING to +0 leather armour.
  4350 | D:3      | 4350 ||| DROPPING +0 robe.
  4351 | D:3      | 4351 ||| UPGRADING to +1 robe of Untruth {Will+ Int+2}.
  4361 | D:3      | 4361 ||| DROPPING +0 leather armour.
  4362 | D:3      | 4362 ||| UPGRADING to +0 chain mail.
  4372 | D:3      | 4372 ||| DROPPING +1 robe of Untruth {Will+ Int+2}.
  4373 | D:3      | 4373 ||| READING scroll labelled WOJOZX NUFUAS.
  4374 | D:3      | 4374 ||| READING 2 scrolls labelled ZIGOMEFUEFO.
  4405 | D:4      | Reached skill level 1 in Armour
  4405 | D:4      | Reached XP level 6. HP: 34/48 MP: 7/7
  4405 | D:4      | 4405 ||| STAIRDANCE
  4514 | D:4      | 4514 ||| FLEEEEING.
  4529 | D:4      | HP: 10/48 [gnoll/+0 club (4)]
  4530 | D:4      | HP: 4/48 [hound (5)]
  4556 | D:4      | 4556 ||| FLEEEEING.
  4557 | D:4      | 4557 ||| FLEEEEING.
  4562 | D:4      | 4562 ||| STAIRDANCE
  4772 | D:4      | Reached skill level 6 in Unarmed Combat
  4917 | D:4      | 4917 ||| Stepping ~*~*~tactically~*~*~ (stealth).
  4931 | D:4      | 4931 ||| Stepping ~*~*~tactically~*~*~ (hiding).
  4932 | D:4      | 4932 ||| Stepping ~*~*~tactically~*~*~ (hiding).
  4933 | D:4      | 4933 ||| Stepping ~*~*~tactically~*~*~ (hiding).
  4937 | D:4      | 4937 ||| Stepping ~*~*~tactically~*~*~ (outnumbered).
  4939 | D:4      | 4939 ||| Stepping ~*~*~tactically~*~*~ (outnumbered).
  4940 | D:4      | 4940 ||| Stepping ~*~*~tactically~*~*~ (outnumbered).
  4941 | D:4      | 4941 ||| Stepping ~*~*~tactically~*~*~ (outnumbered).
  4942 | D:4      | 4942 ||| FLEEEEING.
  4943 | D:4      | 4943 ||| FLEEEEING.
  4947 | D:4      | 4947 ||| Stepping ~*~*~tactically~*~*~ (outnumbered).
  4957 | D:4      | HP: 12/50 [kobold/+0 club (1)]
  4964 | D:4      | HP: 8/50 [gnoll/+0 spear (2)]
  4984 | D:4      | HP: 8/50 [dart slug/slug dart (2)]
  5279 | D:4      | Reached skill level 3 in Fighting
  5279 | D:4      | Reached XP level 7. HP: 57/57 MP: 8/8
  5289 | D:4      | 5289 ||| Stepping ~*~*~tactically~*~*~ (outnumbered).
  5290 | D:4      | 5290 ||| Stepping ~*~*~tactically~*~*~ (outnumbered).
  5291 | D:4      | 5291 ||| Stepping ~*~*~tactically~*~*~ (outnumbered).
  5292 | D:4      | 5292 ||| Stepping ~*~*~tactically~*~*~ (outnumbered).
  5293 | D:4      | 5293 ||| Stepping ~*~*~tactically~*~*~ (outnumbered).
  5296 | D:4      | 5296 ||| Stepping ~*~*~tactically~*~*~ (outnumbered).
  5297 | D:4      | 5297 ||| Stepping ~*~*~tactically~*~*~ (outnumbered).
  5298 | D:4      | 5298 ||| Stepping ~*~*~tactically~*~*~ (outnumbered).
  5299 | D:4      | 5299 ||| Stepping ~*~*~tactically~*~*~ (outnumbered).
  5306 | D:4      | 5306 ||| DRINKING 5 potions of curing.
  5306 | D:4      | 5306 ||| (to cure confusion)
  5312 | D:4      | 5312 ||| DRINKING 4 potions of curing.
  5312 | D:4      | 5312 ||| (to cure confusion)
  5409 | D:4      | Identified the +1 leather armour "Luacenuc" {+Inv rN+
                  | Str-4}
  5447 | D:4      | Noticed Duvessa
  5447 | D:4      | Noticed Dowan
  5463 | D:4      | HP: 13/57 [Dowan/+0 dagger (2)]
  5464 | D:4      | Killed Dowan
  5466 | D:4      | HP: 3/57 [Duvessa/+0 short sword (9)]
  5468 | D:4      | Slain by Duvessa

Levels and vault maps discovered:
D:1:      evilmike_arrival_hilbert_curve, layout_basic, serial_rivers,
          chequers_serial_rivers_micro_a, chequers_serial_rivers_small_a,
          chequers_serial_rivers_large_a, chequers_serial_rivers_micro_d,
          serial_shops, shop_statue
D:2:      minmay_razor_zed, layout_loops_corners,
          chequers_ecumenical_altar_simple
D:3:      layout_basic, uniq_jessica
D:4:      dreamdust_elfheim, layout_cave_pools,
          grunt_dithmenos_smoke_and_mirrors, nicolae_elyvilon_peaceful_grove

Skill      XL: |  1  2  3  4  5  6 |
---------------+-------------------+-----
Unarmed Combat | 1 2 3 4 5 6 |  6.9
Fighting       | 1 2 3 |  3.1
Throwing       | 1 |  1.2
Armour         | 1 |  1.1
Dodging        | |  1.7
Stealth        | |  2.1
Spellcasting   | |  1.7
Conjurations   | |  0.7
Fire Magic     | |  2.4

Action                   |  1- 3 |  4- 6 |  7- 9 || total
-------------------------+-------+-------+-------++-------
Melee: Unarmed           |   128 |   180 |    45 ||   353
       Punch             |     1 |     3 |     1 ||     5
Throw: Javelin           |     2 |    38 |       ||    40
  Use: Scroll            |     3 |     5 |       ||     8
       Potion            |     3 |       |     2 ||     5
 Stab: Distracted        |     1 |       |       ||     1
Armor: Robe              |    23 |    16 |       ||    39
       Chain mail        |       |    53 |    23 ||    76
Dodge: Dodged            |    71 |    79 |    13 ||   163

Table legend:
 A = Non-vault XP
 B = Vault XP
 C = Vault XP percentage of total XP
 D = Non-vault monster count
 E = Vault monster count
 F = Vault count percentage of total count
                 A         B        C        D         E       F
            +---------+---------+-------+---------+---------+-------
      Total |     643 |     146 |  18.5 |      96 |      11 |  10.3
            +---------+---------+-------+---------+---------+-------
        D:1 |      36 |       0 |   0.0 |      20 |       0 |   0.0
        D:2 |     101 |      42 |  29.4 |      22 |       9 |  29.0
        D:3 |      86 |      37 |  30.1 |      28 |       1 |   3.4
        D:4 |     420 |      67 |  13.8 |      26 |       1 |   3.7
            +---------+---------+-------+---------+---------+-------
